 Dungeon Crawl Stone Soup version 0.23.0 (webtiles) character file.

Game seed: 17955991547090786532

194353 LostNumber the Markscentaur (level 17, -7/161 HPs)
             Began as a Centaur Hunter on Feb 11, 2019.
             Was the Champion of Okawaru.
             Mangled by an entropy weaver (13 damage)
             ... on level 1 of the Spider Nest.
             The game lasted 01:39:16 (35601 turns).

LostNumber the Markscentaur (Centaur Hunter)       Turns: 35601, Time: 01:39:16

Health: -7/161     AC:  8    Str: 28    XL:     17   Next: 67%
Magic:  24/24      EV: 12    Int: 12    God:    Okawaru [******]
Gold:   947        SH:  0    Dex: 12    Spells: 16/16 levels left

rFire    + + .     SeeInvis .   b - +8 mithril axe "Arga" {speed, MR+}
rCold    . . .     Gourm    +   (no shield)
rNeg     . . .     Faith    .   M - +3 troll leather armour {Snorg}
rPois    +         Spirit   .   P - +2 hat
rElec    .         Reflect  .   U - +0 cloak
rCorr    .         Harm     .   T - +2 pair of gloves of Perfidy {Regen+ Str+4 Stlth+}
MR       ++...                  y - +4 centaur barding {rF+}
Stlth    ++........             w - amulet of Xom's Hope {Gourm rF+ Str+4}
HPRegen  1.16/turn              p - +6 ring of protection
MPRegen  0.19/turn              Z - ring "Mesuix" {rPois Int+2}

@: corroded, very quick
A: large, hooves 3, deformed body, speed 2, tough skin 3
}: 1/15 runes: barnacled
a: Heroism, Finesse, Renounce Religion


You were on level 1 of the Spider Nest.
You worshipped Okawaru.
Okawaru was exalted by your worship.
You were very full.

You visited 6 branches of the dungeon, and saw 29 of its levels.
You visited 1 bazaar.
You also visited: Gauntlet.

You collected 2643 gold pieces.
You spent 1696 gold pieces at shops.

Inventory:

Hand Weapons
 a - a +3 longbow of freezing
   (Okawaru gifted it to you on level 6 of the Lair of Beasts)
 b - the +8 mithril axe "Arga" (weapon) {speed, MR+}
   (You found it on level 14 of the Dungeon)

   Attacks with this weapon are significantly faster.
   It affects your resistance to hostile enchantments.
Missiles
 H - 6 throwing nets (quivered) {!f}
 J - 719 arrows
Armour
 q - a +0 large shield of reflection
   (Okawaru gifted it to you on level 2 of the Lair of Beasts)
 y - a +4 centaur barding of fire resistance (worn)
   (You bought it in a shop on level 2 of the Orcish Mines)
 M - a +3 troll leather armour (worn) {Snorg}
   (You found it on level 10 of the Dungeon)
 P - a +2 hat (worn)
   (You took it off Gastronok on level 12 of the Dungeon)
 T - the +2 pair of gloves of Perfidy (worn) {Regen+ Str+4 Stlth+}
   (Okawaru gifted it to you on level 1 of the Shoals)

   It affects your strength (+4).
   It increases your rate of regeneration.
   It makes you more stealthy.
 U - a +0 cloak (worn)
   (You found it on level 6 of the Dungeon)
Jewellery
 h - the ring "Uddatoss" {rElec Int-3 Slay+2 Stlth+}
   (You bought it in a shop on level 2 of the Orcish Mines)

   [ring of stealth]

   It affects your intelligence (-3).
   It affects your accuracy and damage with ranged weapons and melee attacks
   (+2).
   It insulates you from electricity.
   It makes you more stealthy.
 j - an uncursed ring of resist corrosion
   (You found it on level 2 of the Dungeon)
 p - a +6 ring of protection (left hand)
   (You found it on level 4 of the Dungeon)
 w - the amulet of Xom's Hope (around neck) {Gourm rF+ Str+4}
   (You found it on level 2 of the Shoals)

   [amulet of the gourmand]

   It allows you to eat raw meat even when not hungry.
   It affects your strength (+4).
   It protects you from fire.
 z - an uncursed ring of see invisible
   (You found it on level 4 of the Lair of Beasts)
 Z - the ring "Mesuix" (right hand) {rPois Int+2}
   (You acquired it on level 14 of the Dungeon)

   [ring of poison resistance]

   It affects your intelligence (+2).
   It protects you from poison.
Wands
 c - a wand of disintegration (18)
   (You found it on level 1 of the Lair of Beasts)
 d - a wand of iceblast (6)
   (You took it off a gnoll sergeant on level 10 of the Dungeon)
 t - a wand of flame (27)
   (You found it on level 2 of the Lair of Beasts)
 u - a wand of paralysis (17)
   (You found it on level 11 of the Dungeon)
 v - a wand of digging (20)
   (You found it on level 9 of the Dungeon)
 x - a wand of acid (10)
   (You found it on level 15 of the Dungeon)
 B - a wand of polymorph (12)
   (You took it off an orc wizard on level 6 of the Dungeon)
 F - a wand of clouds (10)
   (You found it on level 3 of the Lair of Beasts)
 R - a wand of enslavement (4)
   (You found it on level 1 of the Lair of Beasts)
Scrolls
 f - 7 scrolls of amnesia
 g - a scroll of identify {@r1}
 k - 5 scrolls of teleportation {@r4}
 l - 4 scrolls of fog
 n - 16 scrolls of remove curse {@r2}
 o - a scroll of silence
 D - a scroll of magic mapping
 E - 2 scrolls of enchant armour
 G - a scroll of summoning
 I - 5 scrolls of immolation {!r}
Potions
 i - a potion of invisibility
 r - a potion of magic
 s - 4 potions of might
 A - 6 potions of haste {@q3}
 C - 5 potions of flight
 K - a potion of berserk rage
 L - a potion of curing {@q1}
 O - a potion of agility {unknown}
 Q - 2 potions of cancellation
 S - 2 potions of resistance
 V - 2 potions of brilliance
 W - 3 potions of mutation {!q}
 X - 2 potions of lignification {!q}
Miscellaneous
 m - a phantom mirror
 N - a phial of floods
   (You found it on level 9 of the Dungeon)
Comestibles
 e - 49 rations {!d}


   Skills:
 + Level 17.3 Fighting
 * Level 11.4(11.7) Axes
   Level 4.0(8.5) Maces & Flails
 - Level 18.0 Bows
 - Level 10.0 Armour
 - Level 9.6 Dodging
 - Level 0.4 Stealth
 + Level 1.2 Shields
 - Level 10.0 Invocations


You had 16 spell levels left.
You didn't know any spells.
Your spell library contained the following spells:

 Spells                   Type           Power        Failure   Level  Hunger
 Beastly Appendage        Tmut           #.....       36%         1    ##.....
 Corona                   Hex            #......      36%         1    ##.....
 Freeze                   Ice            #...         36%         1    ##.....
 Magic Dart               Conj           #...         36%         1    ##.....
 Summon Butterflies       Summ           #.......     36%         1    ##.....
 Blink                    Tloc           N/A          50%         2    ###....
 Call Imp                 Summ           #.......     50%         2    ###....
 Slow                     Hex            #.......     50%         2    ###....
 Sticks to Snakes         Tmut           #.......     50%         2    ###....
 Throw Frost              Conj/Ice       #.....       50%         2    ###....
 Call Canine Familiar     Summ           #.......     73%         3    ####...
 Conjure Flame            Conj/Fire      #.......     73%         3    ####...
 Ignite Poison            Fire/Tmut/Pois #.......     73%         3    ####...
 Inner Flame              Hex/Fire       #.......     73%         3    ####...
 Mephitic Cloud           Conj/Pois/Air  #.......     73%         3    ####...
 Ozocubu's Armour         Chrm/Ice       #.......     73%         3    ####...
 Portal Projectile        Hex/Tloc       #.....       73%         3    ####...
 Spider Form              Tmut/Pois      #.........   73%         3    ####...
 Cause Fear               Hex            #.........   98%         4    #####..
 Ice Form                 Ice/Tmut       #.......     98%         4    #####..
 Leda's Liquefaction      Hex/Erth       #.........   98%         4    #####..
 Summon Ice Beast         Ice/Summ       #.......     98%         4    #####..
 Throw Icicle             Conj/Ice       #.......     98%         4    #####..
 Blade Hands              Tmut           #.........   100%        5    ######.
 Fireball                 Conj/Fire      #.........   100%        5    ######.
 Summon Mana Viper        Hex/Summ       #.......     100%        5    ######.
 Bolt of Fire             Conj/Fire      #.........   100%        6    #######
 Ring of Flames           Chrm/Fire      #.........   100%        7    #######
 Summon Hydra             Summ           #.........   100%        7    #######
 Ignition                 Fire           #.........   100%        8    #######


Dungeon Overview and Level Annotations

Branches:
Dungeon (15/15)            Temple (1/1) D:7            Lair (6/6) D:9
 Shoals (4/4) Lair:2       Spider (1/4) Lair:2        Slime (0/5) Lair:6
    Orc (2/2) D:10            Elf (0/3) Orc:2        Vaults (0/5) D:13
 Depths (0/5) D:15

Altars:
Ashenzari
Cheibriados
Dithmenos
Elyvilon
Fedhas
Gozag
Hepliaklqana
Kikubaaqudgha
Makhleb
Nemelex Xobeh
Okawaru
Qazlal
Ru
Sif Muna
Trog
Uskayaw
Vehumet
Wu Jian
Xom
Yredelemnul
Zin
The Shining One
Beogh
Jiyva

Shops:
D:7 %   D:10 (   Orc:2 (*=[   Shoals:1 :   Shoals:4 *

Annotations:
D:15 3 runed translucent doors, PeterQ's ghost, journeyman TeGl
Shoals:2 2 transporters


Innate Abilities, Weirdness & Mutations

You have hooves in place of feet.
Armour fits poorly on your strangely shaped body.
You cover ground very quickly.
You have extremely tough skin. (AC +3)


Message History

The entropy weaver hits you but does no damage. x4
The redback completely misses you.
You bump into the rock wall.
The redback bites you! The entropy weaver hits you!
* * * LOW HITPOINT WARNING * * *
The entropy weaver hits you!
* * * LOW HITPOINT WARNING * * *
The entropy weaver hits you but does no damage.
The entropy weaver barely misses you. The redback bites you!
* * * LOW HITPOINT WARNING * * *
The redback bites you!
* * * LOW HITPOINT WARNING * * *
You are poisoned.
The redback poisons you!
Unknown command.
You hit the redback but do no damage. Your kick misses the redback.
You slash the redback!
You kill the redback!
Okawaru accepts your kill.
You closely miss the entropy weaver.
You feel sick.
The entropy weaver casts a spell.
The entropic weave corrodes you! The redback bites you.
* * * LOW HITPOINT WARNING * * *
You bump into the rock wall.
You feel sick. The redback bites you!
* * * LOW HITPOINT WARNING * * *
The entropy weaver hits you.
* * * LOW HITPOINT WARNING * * *
The entropy weaver hits you.
* * * LOW HITPOINT WARNING * * *
The entropy weaver hits you.
* * * LOW HITPOINT WARNING * * *
The entropy weaver hits you.
* * * LOW HITPOINT WARNING * * *
The redback misses you.
You feel better. The entropy weaver hits you!
* * * LOW HITPOINT WARNING * * *
The entropy weaver hits you.
* * * LOW HITPOINT WARNING * * *
The entropy weaver hits you.
* * * LOW HITPOINT WARNING * * *
The entropy weaver barely misses you.
The redback bites you but does no damage.
The entropy weaver mumbles some strange words.
The entropic weave corrodes you!
As you read the scroll of summoning, it crumbles to dust.
Wisps of shadow whirl around you... The redback bites you.
* * * LOW HITPOINT WARNING * * *
A stone appears from out of your range of vision.
The stone hits your wolf spider. The entropy weaver hits you!
You die...

..... ..^.^. ##
...... ##. ..(.#.#
#.. ##((...^ .####.
##((##..###....#.
#((.#..#..#.....#
##as###.....^...^.
#@ss#........... #
#≈#s.#......... ##
##≈..s.#.....#####.
####ss.........≈.†
#........>#....
####.......#.....
#≈≈≈##...)....^..
#≈≈≈≈≈.........#..
#≈≈≈≈≈≈...#..#....


You could see an entropy weaver, a redback, 2 friendly wolf spiders and 4
friendly redbacks.

Vanquished Creatures
  Rupert (Lair:3)
  Gastronok (D:12)
  Kirke (D:12)
  Ilsuiw (Shoals:4)
  A fire giant (D:15)
  An orc warlord (Orc:1)
  An emperor scorpion (Lair:2)
  Nessos (D:14)
  3 merfolk javelineers (Shoals:4)
  Snorg (D:10)
  6 merfolk impalers
  2 ogre magi (Orc:2)
  Erolcha (D:9)
  Fannar (Lair:2)
  9 hydras
  5 catoblepae
  4 merfolk avatars
  3 merfolk aquamancers
  A death knight (D:15)
  3 centaur warriors
  16 two-headed ogres
  A tengu warrior (D:15)
  19 death yaks
  3 satyrs (Shoals:3)
  Sonja (Lair:3)
  The ghost of puimuR the Destroyer, a novice DEMo of Vehumet (D:14)
  3 skeletal warriors (D:15)
  14 sea snakes
  2 deep trolls (Orc:2)
  A wizard (D:13)
  33 harpies
  An orc knight (Orc:1)
  Pikel (D:3)
  3 oklob plants (Lair:6)
  A deep elf mage (D:15)
  21 fauns
  2 orc sorcerers (Orc:1)
  6 cyclopes
  6 wolf spiders
  15 manticores
  12 merfolk sirens
  10 ugly things
  Maurice (D:13)
  A salamander (shapeshifter) (D:14)
  3 elephants (Lair:4)
  2 black mambas
  3 centaur zombies
  3 gargoyles
  4 torpor snails (Lair:6)
  3 water nymphs
  3 orange demons (D:13)
  15 spiny frogs
  6 rime drakes
  A kobold demonologist (D:12)
  2 demonic crawlers
  An efreet (D:13)
  4 komodo dragons
  21 merfolk
  A tengu conjurer (D:15)
  2 jumping spiders (Spider:1)
  6 wind drakes
  A polar bear (Lair:6)
  14 trolls
  13 snapping turtles
  12 blink frogs
  13 hippogriffs
  7 dream sheep
  18 slime creatures
  4 wyverns
  14 redbacks
  Eustachio (D:4)
  4 water elementals
  2 shadows
  33 yaks
  9 tarantellas
  5 basilisks
  A human (shapeshifter) (D:15)
  3 fire bats (Lair:6)
  2 wraiths
  3 hogs (D:12)
  2 hungry ghosts
  2 redback simulacra (D:15)
  4 steam dragons
  A swamp worm (shapeshifter) (D:15)
  2 wargs
  A soldier ant (shapeshifter) (D:14)
  An acid dragon (D:13)
  8 water moccasins
  11 porcupines
  A soldier ant (D:11)
  5 black bears
  A hornet zombie (D:5)
  4 ice beasts
  5 sky beasts
  24 orc warriors
  5 phantoms
  8 wolves (Lair:3)
  31 centaurs
  26 ogres
  11 crocodiles
  Blork the orc (D:4)
  11 bullfrogs
  7 big kobolds
  3 gnoll sergeants (D:10)
  6 scorpions
  3 killer bees (D:12)
  3 wights
  4 electric eels
  7 crimson imps
  2 howler monkeys
  2 bullfrog skeletons
  8 hounds
  7 jellies
  A quasit (D:11)
  A bullfrog zombie (D:10)
  18 orc priests
  27 orc wizards
  9 centaur skeletons
  Natasha (thrice) (D:3)
  2 iguanas
  3 worker ants
  3 hound zombies
  A hound skeleton (D:5)
  A howler monkey zombie (D:7)
  Robin (D:4)
  8 adders
  7 gnolls
  4 shadow imps
  An ooze (D:1)
  An adder skeleton (D:6)
  4 worms
  3 dart slugs
  4 leopard geckos
  98 orcs
  3 giant cockroaches
  10 goblins
  10 hobgoblins
  8 jackals
  17 kobolds
  4 quokkas
  6 bats
  9 frilled lizards
  A jackal zombie (D:6)
  A leopard gecko skeleton (D:7)
  7 rats
  5 plants
958 creatures vanquished.

Vanquished Creatures (collateral kills)
  A merfolk impaler (Shoals:4)
  A satyr (Shoals:4)
  A porcupine (Lair:3)
  2 plants (Shoals:4)
5 creatures vanquished.

Vanquished Creatures (others)
  A wind drake (Shoals:3)
  Grinder (D:4)
  2 goblins (D:4)
  2 hobgoblins (D:4)
  9 fungi
  15 plants
30 creatures vanquished.

Grand Total: 993 creatures vanquished

Notes
Turn   | Place    | Note
-------+----------+-------------------------------------------
     0 | D:1      | LostNumber the Centaur Hunter began the quest for the Orb.
     0 | D:1      | Reached XP level 1. HP: 17/17 MP: 1/1
   435 | D:1      | Reached XP level 2. HP: 6/24 MP: 2/2
   744 | D:1      | Reached skill level 6 in Bows
   902 | D:1      | Reached XP level 3. HP: 28/30 MP: 3/3
  1675 | D:2      | You fall through a shaft!
  1987 | D:2      | Noticed a centaur
  2578 | D:3      | Reached XP level 4. HP: 25/37 MP: 4/4
  3197 | D:2      | Reached skill level 7 in Bows
  3374 | D:3      | Reached XP level 5. HP: 11/45 MP: 5/5
  3762 | D:3      | Noticed Natasha
  3776 | D:3      | Killed Natasha
  3814 | D:3      | Noticed Natasha
  3828 | D:3      | Killed Natasha
  3828 | D:3      | Reached skill level 8 in Bows
  4122 | D:3      | Noticed Natasha
  4132 | D:3      | Killed Natasha
  4178 | D:3      | Reached XP level 6. HP: 34/52 MP: 6/6
  5090 | D:4      | Noticed Blork the orc
  5103 | D:4      | Killed Blork the orc
  5103 | D:4      | Reached skill level 1 in Maces & Flails
  5103 | D:4      | Reached skill level 9 in Bows
  5310 | D:4      | Noticed Eustachio
  5326 | D:4      | Killed Eustachio
  5326 | D:4      | Reached XP level 7. HP: 60/60 MP: 7/7
  5334 | D:4      | Noticed Pikel
  5373 | D:3      | Killed Pikel
  5373 | D:3      | Reached skill level 5 in Fighting
  5373 | D:3      | Reached skill level 10 in Bows
  5373 | D:3      | Reached XP level 8. HP: 24/68 MP: 8/8
  5654 | D:4      | Noticed Robin
  5675 | D:4      | Killed Robin
  5683 | D:4      | Killed Grinder
  5960 | D:5      | Entered Level 5 of the Dungeon
  6052 | D:5      | Reached skill level 11 in Bows
  7495 | D:6      | Reached skill level 12 in Bows
  7870 | D:6      | Reached XP level 9. HP: 78/78 MP: 9/9
  8790 | D:7      | Found a staircase to the Ecumenical Temple.
  8797 | Temple   | Entered the Ecumenical Temple
  8854 | Temple   | Became a worshipper of Warmaster Okawaru
  9202 | D:7      | Found Evampo's Food Boutique.
  9241 | D:7      | Reached skill level 13 in Bows
  9319 | D:7      | Reached skill level 1 in Invocations
  9644 | D:7      | You fall through a shaft!
  9855 | D:8      | Found a shattered altar of Ashenzari.
  9951 | D:8      | Noticed a two-headed ogre
  9977 | D:8      | Killed a two-headed ogre
  9977 | D:8      | Reached * piety under Okawaru
  9977 | D:8      | Reached skill level 14 in Bows
 10245 | D:8      | Reached ** piety under Okawaru
 10375 | D:8      | Reached XP level 10. HP: 78/88 MP: 12/12
 11041 | D:9      | Reached skill level 1 in Armour
 11166 | D:9      | Noticed a two-headed ogre
 11179 | D:9      | Killed a two-headed ogre
 11495 | D:9      | Reached *** piety under Okawaru
 11503 | D:9      | Reached skill level 5 in Invocations
 11979 | D:9      | Found a staircase to the Lair.
 12056 | D:9      | Noticed Erolcha
 12067 | D:9      | Killed Erolcha
 12067 | D:9      | Reached **** piety under Okawaru
 12281 | D:10     | Entered Level 10 of the Dungeon
 12471 | D:10     | Noticed a two-headed ogre
 12483 | D:10     | Killed a two-headed ogre
 12483 | D:10     | Reached XP level 11. HP: 99/99 MP: 15/15
 12591 | D:10     | Reached skill level 10 in Fighting
 13180 | D:10     | Found Qiddow's Weapon Shop.
 13566 | D:10     | Reached ***** piety under Okawaru
 13566 | D:10     | Received a gift from Okawaru
 13638 | D:10     | Found a staircase to the Orcish Mines.
 14259 | D:10     | Noticed Snorg
 14319 | D:10     | Killed Snorg
 14319 | D:10     | Received a gift from Okawaru
 14635 | Lair:1   | Entered Level 1 of the Lair of Beasts
 14875 | Lair:1   | Received a gift from Okawaru
 14900 | Lair:1   | Noticed a six-headed hydra
 14916 | Lair:1   | Killed a six-headed hydra
 15289 | Lair:1   | Reached XP level 12. HP: 107/110 MP: 17/17
 15670 | Lair:2   | Noticed Fannar
 15728 | Lair:2   | Killed Fannar
 15741 | Lair:2   | Found a gate leading to a gauntlet.
 15761 | Lair:2   | Received a gift from Okawaru
 15858 | Gauntlet | Entered a Gauntlet
 15858 | Gauntlet | Found a transporter.
 15858 | Gauntlet | Found a transporter.
 15862 | Gauntlet | Found a transporter.
 15876 | Gauntlet | Found a transporter.
 15877 | Gauntlet | Noticed a tengu warrior
 15888 | Gauntlet | Found a transporter.
 15892 | Gauntlet | Found a transporter.
 15906 | Gauntlet | Found a transporter.
 15911 | Gauntlet | Found a transporter.
 15914 | Gauntlet | Found a transporter.
 15914 | Gauntlet | Noticed a ghost crab
 15916 | Gauntlet | Found a transporter.
 16120 | Lair:2   | Got a shimmering chain mail
 16144 | Lair:2   | Identified the +1 chain mail "Ukiom" {-Cast Str+3 Int+2}
                  | (You found it on level 2 of the Lair of Beasts)
 16244 | Lair:2   | Reached skill level 5 in Dodging
 16424 | Lair:2   | Found a hole to the Spider Nest.
 16437 | Lair:2   | Received a gift from Okawaru
 16752 | Lair:2   | Found a staircase to the Shoals.
 16959 | Lair:3   | Noticed a catoblepas
 16982 | Lair:3   | Killed a catoblepas
 17234 | Lair:3   | Reached skill level 5 in Armour
 17322 | Lair:3   | Noticed Sonja
 17329 | Lair:3   | Noticed Rupert
 17334 | Lair:3   | Killed Sonja
 17515 | Lair:3   | Killed Rupert
 17851 | Lair:3   | Noticed a four-headed hydra
 17865 | Lair:3   | Killed a four-headed hydra
 18178 | Lair:4   | Noticed a catoblepas
 18200 | Lair:4   | Killed a catoblepas
 18296 | Lair:4   | Received a gift from Okawaru
 18313 | Lair:4   | Reached XP level 13. HP: 116/122 MP: 15/19
 18385 | Lair:4   | Got a crystal spear
 19800 | Lair:5   | Received a gift from Okawaru
 20148 | Lair:5   | Reached skill level 10 in Invocations
 20390 | Lair:5   | Received a gift from Okawaru
 20698 | Lair:6   | Entered Level 6 of the Lair of Beasts
 20773 | Lair:6   | Received a gift from Okawaru
 20992 | Lair:6   | Found a snail-covered altar of Cheibriados.
 21239 | Lair:5   | Reached ****** piety under Okawaru
 21239 | Lair:5   | Received a gift from Okawaru
 21484 | Lair:6   | Received a gift from Okawaru
 21560 | Lair:6   | Received a gift from Okawaru
 22076 | Lair:6   | Found a staircase to the Slime Pits.
 22077 | Lair:6   | Found a viscous altar of Jiyva.
 22085 | Lair:6   | Reached XP level 14. HP: 133/133 MP: 21/21
 22424 | Lair:6   | Reached skill level 15 in Bows
 22451 | Lair:6   | Received a gift from Okawaru
 22678 | Lair:6   | Received a gift from Okawaru
 22715 | Lair:6   | Got a faintly glowing centaur barding {god gift}
 22721 | Lair:6   | Identified the +2 centaur barding of Losmung {*Corrode
                  | rElec Regen+ Dex-4} (Okawaru gifted it to you on level 6 of
                  | the Lair of Beasts)
 22762 | Lair:6   | Got a smoking mace
 23562 | D:11     | Found a shadowy altar of Dithmenos.
 24330 | D:12     | Noticed Gastronok
 24357 | D:12     | Killed Gastronok
 24357 | D:12     | Reached skill level 16 in Bows
 24445 | D:12     | Reached skill level 15 in Fighting
 24673 | D:12     | Identified a scroll of acquirement
 25006 | D:12     | Noticed Kirke
 25023 | D:12     | Identified the +9 mace "Balou" {drain, rElec rC+ Dex+4}
 25036 | D:12     | Noticed a sphinx
 25076 | D:12     | Noticed a sphinx
 25720 | D:13     | Noticed Maurice
 25724 | D:13     | Killed Maurice
 25776 | D:13     | Paralysed by a crimson imp for 7 turns
 25797 | D:13     | Reached XP level 15. HP: 85/141 MP: 22/22
 25976 | D:13     | Received a gift from Okawaru
 26167 | D:13     | Found a gate to the Vaults.
 26591 | D:14     | Noticed Nessos
 26592 | D:14     | Reached skill level 17 in Bows
 26763 | D:14     | Received a gift from Okawaru
 26918 | D:14     | Killed Nessos
 27113 | D:14     | Got a smoking tin ring
 27114 | D:14     | Identified the ring "Mesuix" {rPois Int+2} (You acquired it
                  | on level 14 of the Dungeon)
 27184 | D:14     | Found a runed translucent door.
 27338 | D:14     | Noticed puimuR's ghost (novice DEMo)
 27339 | D:14     | Found the +8 mithril axe "Arga" {speed, MR+}
 27356 | D:14     | Killed puimuR's ghost
 27419 | D:15     | Entered Level 15 of the Dungeon
 27479 | D:15     | Reached skill level 1 in Axes
 27629 | D:15     | Found a flickering gateway to a bazaar.
 27639 | Bazaar   | Entered a bazaar
 27657 | Bazaar   | Found Nudoaq's Antique Armour Emporium.
 27661 | Bazaar   | Bought a faintly humming plate armour for 672 gold pieces
 27672 | Bazaar   | Found Idghui's Gadget Shoppe.
 27672 | Bazaar   | Found Iluggawk's Food Emporium.
 27693 | Bazaar   | Found Toevvyp's Jewellery Shoppe.
 27693 | Bazaar   | Found Atiakk's Book Emporium.
 27930 | D:15     | Found a glowing golden altar of the Shining One.
 27948 | D:15     | Found a staircase to the Depths.
 27948 | D:15     | Noticed a fire giant
 27952 | D:15     | Killed a fire giant
 27995 | D:15     | Found a runed translucent gate.
 27997 | D:15     | Found a runed translucent gate.
 27998 | D:15     | Found a runed translucent gate.
 27998 | D:15     | Noticed PeterQ's ghost (journeyman TeGl)
 28721 | D:15     | Received a gift from Okawaru
 29001 | D:12     | Killed Kirke
 29001 | D:12     | Reached skill level 18 in Bows
 29067 | Orc:1    | Entered Level 1 of the Orcish Mines
 29114 | Orc:1    | Noticed an orc warlord
 29138 | Orc:1    | Killed an orc warlord
 29575 | Orc:1    | Found a roughly hewn altar of Beogh.
 29695 | Orc:2    | Entered Level 2 of the Orcish Mines
 29837 | Orc:2    | Found a staircase to the Elven Halls.
 29847 | Orc:2    | Reached XP level 16. HP: 131/151 MP: 20/23
 29916 | Orc:2    | Found Hyngiupp's Jewellery Shop.
 29947 | Orc:2    | Found Dealun's Antique Weapon Shoppe.
 29969 | Orc:2    | Reached skill level 5 in Axes
 29974 | Orc:2    | Found Test's Armour Boutique.
 29986 | Orc:2    | Found Difis's General Store.
 30006 | Orc:2    | Bought a +0 centaur barding of fire resistance for 420 gold
                  | pieces
 30051 | Orc:2    | Bought the ring "Uddatoss" {rElec Int-3 Slay+2 Stlth+} for
                  | 604 gold pieces
 30079 | Orc:2    | Found a roughly hewn altar of Beogh.
 30901 | Shoals:1 | Entered Level 1 of the Shoals
 31144 | Shoals:1 | Received a gift from Okawaru
 31153 | Shoals:1 | Got a pair of heavily runed gloves {god gift}
 31167 | Shoals:1 | Identified the +2 pair of gloves of Perfidy {Regen+ Str+4
                  | Stlth+} (Okawaru gifted it to you on level 1 of the Shoals)
 31374 | Shoals:1 | Found Ferghikh's Book Shop.
 31879 | Shoals:2 | Got a bound ruby amulet
 31910 | Shoals:2 | Found a transporter.
 31911 | Shoals:2 | Identified the amulet of Xom's Hope {Gourm rF+ Str+4} (You
                  | found it on level 2 of the Shoals)
 32172 | Shoals:2 | Found a transporter.
 33079 | Shoals:4 | Entered Level 4 of the Shoals
 33093 | Shoals:4 | Received a gift from Okawaru
 33096 | Shoals:4 | Got a shimmering ring mail {god gift}
 33107 | Shoals:4 | Identified the +0 ring mail of Valour {rElec Stlth+}
                  | (Okawaru gifted it to you on level 4 of the Shoals)
 33122 | Shoals:4 | Found Gaud Itz's General Store.
 33133 | Shoals:4 | Reached skill level 10 in Armour
 33168 | Shoals:4 | Noticed Ilsuiw
 33175 | Shoals:4 | Killed Ilsuiw
 33187 | Shoals:4 | Reached XP level 17. HP: 159/159 MP: 17/24
 33802 | Shoals:4 | Reached skill level 10 in Axes
 33839 | Shoals:4 | HP: 8/160 [merfolk impaler/+2 trident of pain (3)]
 33839 | Shoals:4 | HP: 3/160 [merfolk impaler/+2 trident of pain (3)]
 34282 | Shoals:4 | Received a gift from Okawaru
 34318 | Shoals:4 | Got a barnacled rune of Zot
 34798 | Spider:1 | Entered Level 1 of the Spider Nest
 34824 | Lair:2   | HP: 7/161 [wolf spider (7)]
 34832 | Lair:2   | HP: 2/241 [tarantella (9)]
 35213 | Lair:2   | Received a gift from Okawaru
 35356 | Spider:1 | Received a gift from Okawaru
 35394 | Spider:1 | Reached skill level 1 in Shields
 35601 | Spider:1 | HP: 6/161 [redback (6)]
 35601 | Spider:1 | Mangled by an entropy weaver

Skill      XL: |  1  2  3  4  5  6  7  8  9 10 11 12 13 14 15 16 17 |
---------------+----------------------------------------------------+-----
Bows           | 6 7 8 9 10 12 14 16 18 | 18.0
Fighting       | 3 4 5 6 7 9 11 13 14 15 16 17 | 17.3
Maces & Flails | 1 2 4 |  4.0
Invocations    | 3 5 7 9 10 | 10.0
Armour         | 2 4 5 7 8 9 10 | 10.0
Dodging        | 3 4 6 7 8 9 |  9.6
Axes           | 4 8 11 | 11.4
Shields        | 1 |  1.2
Stealth        | |  0.4

Action                   |  1- 3 |  4- 6 |  7- 9 | 10-12 | 13-15 | 16-18 || total
-------------------------+-------+-------+-------+-------+-------+-------++-------
Melee: Short sword       |   152 |    26 |       |       |       |       ||   178
       Kick              |    24 |    20 |    36 |     9 |     3 |    13 ||   105
       Dire flail        |       |    44 |       |       |       |       ||    44
       Whip              |       |    23 |   160 |    30 |     4 |       ||   217
       Unarmed           |       |       |       |       |     7 |       ||     7
       Longbow           |       |       |       |       |     2 |       ||     2
       Broad axe         |       |       |       |       |     3 |    34 ||    37
 Fire: Shortbow          |       |    38 |   328 |  1173 |   471 |       ||  2010
       Longbow           |       |       |       |       |  1247 |   988 ||  2235
Invok: Heroism           |       |       |       |     9 |     8 |     4 ||    21
       Finesse           |       |       |       |     5 |     5 |     4 ||    14
Evoke: Phial of floods   |       |       |       |     1 |       |       ||     1
  Use: Potion            |     4 |       |       |     1 |     1 |    11 ||    17
       Scroll            |       |       |     7 |    16 |    14 |    15 ||    52
 Stab: Sleeping          |       |       |     3 |       |       |       ||     3
  Eat: Chunk             |     4 |     5 |    13 |    18 |    26 |    40 ||   106
       Ration            |       |     1 |       |       |     1 |       ||     2
Armor: Leather armour    |    68 |    28 |   104 |    69 |       |       ||   269
       Skin              |       |       |       |    21 |       |    27 ||    48
       Troll leather arm |       |       |       |    73 |   387 |   435 ||   895
Dodge: Dodged            |    87 |    48 |   117 |   149 |   340 |   365 ||  1106
